← All builds
Suicide front / Armada / Factory first / OBSERVED BUILD

Standard suicide front

Armada Suicide front build order · Supreme Isthmus

The role's baseline: Bot Lab at 0:21 then straight into reclaim-fed T1 bot production to contest the middle and hold until T2 arrives, with an Advanced Metal Extractor around 9:45.

#rush · 2010 distinct matches · 229 players · 72% of Armada Suicide front games · team won 59% of 2383 · Recently observed

HOW TO PLAY IT

Key timing: Bot Lab by 0:20

  1. Open with mex and lab-first to get Bot Lab up by 0:20.
  2. Expand mex and wind while lab pumps units toward middle.
  3. Push Sentry and early Rocketeer, Centurion to contest middle.
  4. Get T2 constructor out once Pond's boost lets you spare metal.
  5. Upgrade mex to Advanced Metal Extractor as you transition off T1 spam.

Phase by phase

TYPICAL OF ITS 2010 GAMES
  1. 1
  2. 2
  3. 3
PLAY THE OPENING

Follow the example game's first 6:00 step by step: what to build now, what comes next, and where it goes. At 1× it keeps pace with your own game.

  1. 1

    Bot Lab first

    Order
    1. Bot LabBot Lab done ~0:21, middle half 0:20–0:33

    Some games also: mex (44%)

  2. 2

    Bot Lab to 5:00

    Economy
    • Metal Extractor5Mex
    • Wind Turbine4Wind
    Builders
    • Construction Bot3 Con bot
    • Lazarus2 Lazarus
    Army
    • Sentry4 Sentry
    • Rocketeer16 Rocketeer
    • Tick2 Tick
    • Centurion1 Centurion
    Other
    • Radar Tower1 Radar Tower

    Some games also: pawn (38%) · con turret (34%)

    By 5:00 in all: 5 mex · 4 wind

    The example game in this phase · 27 steps
    1. TickTick
    2. Wind
    3. TickTick
    4. LazarusLazarus ×2
    5. Construction BotCon bot ×2
    6. Mex
    7. SentrySentry
    8. CenturionCenturion ×2
    9. Mex
    10. Construction BotCon bot
    11. Radar TowerRadar Tower
    12. RocketeerRocketeer
    13. Wind
    14. Mex
    15. RocketeerRocketeer
    16. SentrySentry
    17. RocketeerRocketeer
    18. SentrySentry
    19. RocketeerRocketeer
    20. BeamerBeamer
    21. RocketeerRocketeer ×4
    22. BeamerBeamer
    23. RocketeerRocketeer ×2
    24. LazarusLazarus
    25. RocketeerRocketeer ×7
    26. Con turret
    27. RocketeerRocketeer
  3. 3

    5:00 to 10:00

    Economy
    • Metal Extractor1Mex
    • Wind Turbine15Wind
    Builders
    • Construction Turret2 Con turret
    • Lazarus2 Lazarus
    • Construction Bot1 Con bot
    Army
    • Sentry1 Sentry
    • Rocketeer8 Rocketeer

    Some games also: pawn (49%) · Radar Tower (46%) · tick (45%) · centurion (44%) · energy storage (43%) · eat Bot Lab (31%)

    By 10:00 in all: 6 mex · 21 wind · 1 energy storage · 2 con turret

    The example game in this phase · 142 steps
    1. Wind ×2
    2. OverwatchOverwatch
    3. RocketeerRocketeer
    4. Wind
    5. RocketeerRocketeer
    6. OverwatchOverwatch
    7. Con turret
    8. Wind ×2
    9. LazarusLazarus
    10. Wind ×2
    11. RocketeerRocketeer
    12. Wind
    13. Sneaky PeteSneaky Pete
    14. RocketeerRocketeer
    15. Metal storage
    16. Con turret
    17. Metal storage
    18. RocketeerRocketeer
    19. BeamerBeamer
    20. OverwatchOverwatch
    21. RocketeerRocketeer
    22. Con turret
    23. Dragon's TeethDragon's Teeth
    24. RocketeerRocketeer
    25. Dragon's TeethDragon's Teeth
    26. Energy storage
    27. Dragon's TeethDragon's Teeth ×2
    28. RocketeerRocketeer
    29. Dragon's TeethDragon's Teeth
    30. Advanced Metal ExtractorT2 mexdone 8:55 · typical 9:46
    31. Dragon's TeethDragon's Teeth ×2
    32. RocketeerRocketeer
    33. Dragon's TeethDragon's Teeth ×2
    34. Wind
    35. Dragon's TeethDragon's Teeth
    36. Con turret
    37. Dragon's TeethDragon's Teeth
    38. Wind
    39. RocketeerRocketeer
    40. Con turret
    41. Advanced Metal ExtractorT2 mex
    42. Wind
    43. RocketeerRocketeer
    44. Wind
    45. RocketeerRocketeer
    46. Advanced Metal ExtractorT2 mex
    47. Wind
    48. LazarusLazarus
    49. Wind
    50. Advanced Metal ExtractorT2 mex
    51. RocketeerRocketeer
    52. Wind ×2
    53. RocketeerRocketeer ×2
    54. Wind
    55. RocketeerRocketeer ×2
    56. Wind
    57. RocketeerRocketeer
    58. Advanced Metal ExtractorT2 mex
    59. RocketeerRocketeer
    60. RattlesnakeRattlesnakedone 11:15
    61. RocketeerRocketeer
    62. Wind
    63. TickTick ×5
    64. Wind
    65. TickTick ×6
    66. Wind
    67. TickTick ×4
    68. Wind
    69. TickTick ×3
    70. RattlesnakeRattlesnake
    71. TickTick ×2
    72. Wind
    73. TickTick ×5
    74. Wind
    75. Construction BotCon bot ×2
    76. Wind
    77. TickTick ×4
    78. Wind
    79. TickTick ×5
    80. Wind
    81. TickTick ×4
    82. Advanced Metal ExtractorT2 mex
    83. TickTick ×2
    84. Wind
    85. TickTick ×6
    86. Wind
    87. TickTick ×3
    88. Construction BotCon bot
    89. Wind
    90. Con turret ×2
    91. Construction BotCon bot
    92. Wind ×2
    93. Cloakable Fusion ReactorCloakable Fusion Reactordone 14:30
    94. TickTick ×4
    95. Wind ×2
    96. Construction BotCon bot
    97. SentrySentry
    98. Wind
    99. Construction BotCon bot
    100. Wind ×4
    101. TickTick
    102. Wind
    103. TickTick ×3
    104. Wind
    105. TickTick ×2
    106. Wind
    107. TickTick ×2
    108. Wind
    109. TickTick ×2
    110. Wind
    111. TickTick ×3
    112. Wind
    113. TickTick
    114. SentrySentry
    115. TickTick ×2
    116. Wind ×2
    117. TickTick ×3
    118. Wind
    119. TickTick ×2
    120. SentrySentry
    121. TickTick
    122. Wind
    123. TickTick ×2
    124. Wind
    125. TickTick
    126. Wind
    127. Converter
    128. TickTick ×4
    129. Wind
    130. SentrySentry
    131. TickTick ×2
    132. Wind
    133. TickTick
    134. Wind
    135. TickTick ×4
    136. Wind
    137. Converter
    138. TickTick ×2
    139. SentrySentry
    140. Wind
    141. TickTick ×2
    142. Wind

Counts are medians over the build's games: half of them build more, half fewer. The example game is Guhhh's (31 OS, 13/10/2026); pick another.

Team trades

IN AT LEAST 30% OF ITS GAMES

You hand over

Nothing regular.

You get

  • Tidal Generator4 Tidal from Pondfirst at 0:10 · in 68% of games
  • Advanced Construction Bot1 T2 con bot from Geo or Techfirst at 7:41 · in 57% of games

How it plays out

Typical game of this build, running totals by minute

Metal produced

010k20k
0:005:0010:0015:00

metal

Enemy metal destroyed

05k10k
0:005:0010:0015:00

metal

Own metal lost

05k10k
0:005:0010:0015:00

metal

2383 games.

Show as table
ByMetal produced: This buildEnemy metal destroyed: This buildOwn metal lost: This build
1:0023000
2:0088700
3:002009184130
4:003110645501
5:00418513571000
6:00534921831712
7:00653930512597
8:00776039393502
9:00904647004376
10:001041853145163
11:001189458585965
12:001360664076686
13:001540768797437
14:001729875058212
15:001926981098991
WHAT THE NUMBERS SAY

Standard Suicide front play wins a bit over half its games while taking the heaviest own losses of any role by 15:00.

  • + Produces 20142 metal by 15:00, highest of the front roles.
  • + First kill by 2:01 in all games, fastest contest of middle.
  • − Own metal lost hits 9178 by 15:00, more than enemy metal destroyed.
  • − Only 34% Rocketeer share shows army spread thin across many bot types.
THE EXAMPLE YOU ARE READING

Guhhh

30.6 OS · 13/10/2026

Open source match ↗

5 received units · includes a constructor
210 metal received · 71950 energy received

Allied construction assistance is unknown. Timings are observations, not a promise of solo reproducibility.

Typical milestones

Bot Lab0:21Middle 50%: 0:20–0:33 · n=2375
Advanced Metal Extractor9:46Middle 50%: 8:50–10:58 · n=1723

Played most by

_X_262games of this buildPlatinumBlonde188games of this buildXad166games of this buildTrapCaT107games of this buildImmort80games of this build